 Dungeon Crawl Stone Soup version 0.17-a0-121-gf94917f (webtiles) character file.

201 Pikaro the Chiller (level 5, -19/35 HPs)
             Began as a Merfolk Ice Elementalist on Mar 22, 2015.
             Demolished by an ogre
             ... wielding a +0 giant club
              (23 damage)
             ... on level 4 of the Dungeon.
             The game lasted 00:10:02 (3858 turns).

Pikaro the Chiller (Merfolk Ice Elementalist)       Turns: 3858, Time: 00:10:03

Health: -19/35     AC:  5    Str:  9    XL:     5   Next: 79%
Magic:  7/9        EV: 13    Int: 15    God:
Gold:   190        SH:  0    Dex: 14    Spells: 3 memorised, 2 levels left

rFire  . . .     SeeInvis .     n - +2 whip (venom)
rCold  + . .     Clarity  .     t - +2 robe {Archmagi}
rNeg   . . .     SustAb   .     (no shield)
rPois  .         Gourm    +     (no helmet)
rElec  .         Spirit   .     (no cloak)
rCorr  .         Warding  .     u - +0 pair of gloves
rMut   .         Stasis   .     (no boots)
MR     .....                    x - amulet of the gourmand {Gourm, !d}
Stlth  ++........               (no ring)
                                j - ring of protection from cold {rC+, !d}

@: lethally poisoned (-19 -> -20), not resistant to hostile enchantments,
unstealthy
A: change form in water, swift swim
a: no special abilities


You were on level 4 of the Dungeon.
You were very full.

You visited 1 branch of the dungeon, and saw 4 of its levels.

You collected 190 gold pieces.

Inventory:

Hand weapons
 n - a +2 whip of venom (weapon)
   (You took it off a kobold on level 1 of the Dungeon)
Armour
 t - a +2 robe of the Archmagi (worn)
   (You took it off Jessica on level 2 of the Dungeon)
 u - a +0 pair of gloves (worn)
   (You found it on level 3 of the Dungeon)
Jewellery
 i - an uncursed amulet of warding {Ward, rN+, !d}
   (You found it on level 1 of the Dungeon)
 j - a ring of protection from cold (left hand) {rC+, !d}
   (You found it on level 1 of the Dungeon)
 x - an amulet of the gourmand (around neck) {Gourm, !d}
   (You found it on level 3 of the Dungeon)
Magical devices
 r - a wand of frost (16)
   (You took it off Jessica on level 2 of the Dungeon)
Scrolls
 d - 3 scrolls of remove curse {unknown}
 f - a scroll of fog
 h - a scroll of fear {unknown}
 k - a scroll of enchant weapon {unknown}
 l - a scroll of teleportation {unknown}
 o - 3 scrolls of magic mapping {!r}
 p - a scroll of immolation {unknown}
 v - 2 scrolls of recharging {unknown}
 w - a scroll of amnesia {unknown}
 y - a scroll of blinking {unknown}
 A - a scroll of enchant armour {unknown}
Potions
 a - a potion of invisibility {unknown}
 g - a potion of might
 m - a potion of brilliance
 q - a potion of cure mutation {!q}
 s - a potion of lignification {!q}
 z - 2 potions of poison {unknown}
 B - a potion of curing {unknown}
Books
 b - a book of Frost
Comestibles
 c - 4 bread rations


   Skills:
 - Level 2.6 Dodging
 - Level 2.1 Stealth
 - Level 2.0 Spellcasting
 - Level 0.7 Conjurations
 + Level 6.9 Ice Magic


You had 2 spell levels left.
You knew the following spells:

 Your Spells              Type           Power        Failure   Level  Hunger
a - Freeze                Ice            ####         1%          1    #......
A - Throw Frost           Conj/Ice       ###...       10%         2    ###....
B - Ozocubu's Armour      Chrm/Ice       ###.....     21%         3    ###....


Dungeon Overview and Level Annotations

Branches:
Dungeon (4/15)
 Temple: D:4-7

Altars:
Elyvilon


Message History

The orc misses you. a flail x2 an orc corpse The orc barely misses you.
Aim: an orc, wielding a trident and wearing a ring mail You feel a surge of power!
You freeze the orc.
You now have 4/9 mp.
Aim: an orc, wielding a trident and wearing a ring mail (heavily wounded)
You feel a surge of power!
You freeze the orc.
You kill the orc!
You now have 3/9 mp.
No target in view!
Items here: $ ) [ † a trident; a ring mail; 7 gold pieces; an orc corpse You see here a worker ant corpse.
You butcher the worker ant corpse.
C - 3 chunks of flesh Eating one of 3 chunks of flesh.
This raw flesh tastes great.
You continue eating. x2
Something unseen opens the door.
Eating one of 2 chunks of flesh.
This raw flesh tastes great.
You continue eating. x2
There are monsters nearby!
The orc shouts!
Aim: an adder You feel a surge of power!
You freeze the adder. The adder misses you. The orc hits you with a dagger.
Aim: an adder (lightly wounded)
You feel a surge of power!
You freeze the adder.
You kill the adder!
The orc closely misses you.
Aim: an orc, wielding a dagger You feel a surge of power!
You freeze the orc.
You kill the orc!
You take 4 damage, and have 31/35 hp.
You now have 2/9 mp.
Eating a chunk of flesh.
This raw flesh tastes great.
You continue eating. x2
No target in view!
A quokka skeleton comes into view. a dagger; 12 stones; an orc corpse You start resting.
There are monsters nearby!
The quokka skeleton closely misses you.
You hit the quokka skeleton!
You destroy the quokka skeleton!
You start resting.
Health restored: 35; MP restored: 9; Total turns waited: 42 You now have 190 gold pieces (gained 7). a trident; a ring mail; an orc corpse a flail; a chain mail; an orc corpse You butcher the orc corpse.
C - a chunk of flesh; a flail; a chain mail; an orc skeleton Eating a chunk of flesh.
This raw flesh tastes great.
You continue eating. x2
Items here: flail, chain mail, orc skeleton a flail; a chain mail; an orc skeleton An adder comes into view.
The ogre shouts!
An orc and an orc priest come into view.
The orc shouts!
There is a stone staircase leading down here.
Aim: an adder (resting)
You feel a surge of power!
You freeze the adder.
The adder seems to slow down.
The orc priest shouts!
The adder bites you.
You are poisoned.
The adder poisons you!
You take 5 damage, and have 30/35 hp.
You now have 8/9 mp.
Aim: an adder (lightly wounded, slow)
You feel a surge of power!
You freeze the adder.
You kill the adder!
You feel sick.
An orc comes into view. It is wielding a mace.
You take 1 damage, and have 29/35 hp.
You now have 7/9 mp.
The ogre hits you with a giant club!!
Ouch! That really hurt!
* * * LOW HITPOINT WARNING * * *
The orc moves out of view.
You take 25 damage, and have 4/35 hp.
MASSIVE DAMAGE!!
There is a stone staircase leading down here.
You feel sick.
You see here an adder corpse.
You take 1 damage, and have 3/35 hp.
Drink which item? (? for menu, Esc to quit)
You feel much better.
The orc shouts!
The ogre hits you with a giant club!
* * * LOW HITPOINT WARNING * * *
Read which item? (? for menu, Esc to quit)
Okay, then.
Okay, then.
Drink which item? (? for menu, Esc to quit)
Okay, then.
Read which item? (? for menu, Esc to quit)
As you read the scroll labeled KHUGGU MAUMU, it crumbles to dust.
The scroll dissolves into smoke.
It was a scroll of fog.
The orc closely misses you. The ogre hits you with a giant club!!
Ouch! That really hurt!
You die...

########################
..............#§@§§....#
..............#oOo§....#
..............+§§§§...##
#.###....##..##.......#
#+#####'###..##...##o.#
....'.............?.....
....#.....+............
#..##.....#............#
#..##.....#............


You could see an ogre, an orc priest and an orc.

Vanquished Creatures
  An orc priest (D:4)
  A worker ant (D:4)
  Jessica (D:2)
  4 adders
  2 worms (D:3)
  3 giant geckos
  An ooze (D:2)
  8 orcs (D:4)
  A ball python (D:1)
  2 giant cockroaches
  7 goblins
  6 hobgoblins
  12 bats
  6 giant newts
  6 jackals
  6 kobolds
  A quokka skeleton (D:4)
  7 rats
75 creatures vanquished.

Notes
Turn   | Place    | Note
--------------------------------------------------------------
     0 | D:1      | Pikaro, the Merfolk Ice Elementalist, began the quest for the Orb.
     0 | D:1      | Reached XP level 1. HP: 13/13 MP: 3/3
   251 | D:1      | Reached XP level 2. HP: 8/19 MP: 0/4
   465 | D:1      | Reached skill level 4 in Ice Magic
  1218 | D:1      | Reached XP level 3. HP: 24/24 MP: 3/6
  1555 | D:2      | Noticed Jessica
  1562 | D:2      | Killed Jessica
  1562 | D:2      | Reached skill level 5 in Ice Magic
  1590 | D:2      | Learned a level 2 spell: Throw Frost
  1594 | D:2      | Learned a level 3 spell: Ozocubu's Armour
  1810 | D:2      | Found a white marble altar of Elyvilon.
  1938 | D:2      | Reached XP level 4. HP: 30/30 MP: 4/7
  3231 | D:4      | Reached skill level 6 in Ice Magic
  3231 | D:4      | Reached XP level 5. HP: 33/35 MP: 5/9
  3322 | D:4      | Noticed an ogre
  3324 | D:4      | Noticed an ogre
  3853 | D:4      | HP: 4/35 [ogre/giant club (25)]
  3858 | D:4      | Demolished by an ogre

Action                   |  1- 3 |  4- 6 || total
-------------------------+-------+-------++-------
Melee: Unarmed           |    10 |       ||    10
       Whip              |     3 |     6 ||     9
 Cast: Freeze            |    55 |    60 ||   115
       Throw Frost       |       |     7 ||     7
  Use: Scroll            |       |     7 ||     7
       Potion            |       |     1 ||     1
  Eat: Chunk             |     4 |    18 ||    22

Vault maps used:
D:1:      lemuel_arrival_lava_pool
D:2:      lemuel_coloured_pillars_altar, lemuel_another_geyser, uniq_jessica
D:3:      first_bread
D:4:      nicolae_overflow_hidden_temple, hangedman_abyss_or_decor_passed,
          corexii_corridor_pit, uniq_crazy_yiuf_cottage, uniq_eustachio

Table legend:
 A = Turns spent in this place as a percentage of turns spent in the entire game.
 B = Non-inter-level travel turns spent in this place as a percentage of non-inter-level travel turns spent in the entire game.
 C = Inter-level travel turns spent in this place as a percentage of turns spent in this place.
 D = Turns resting spent in this place as a percentage of non-inter-level travel turns spent in this place.
 E = Turns spent auto-exploring this place as a percentage of non-inter-level travel turns spent in this place.
 F = Non-inter-level travel turns spent in this place divided by the number of levels of this place that you've seen.
                   A       B       C       D       E      F
               +-------+-------+-------+-------+-------+----------------------
         Total | 100.0 | 100.0 |   0.5 |  13.2 |   9.7 | 200.2
       Dungeon | 100.0 | 100.0 |   0.5 |  13.2 |   9.7 | 200.2
               +-------+-------+-------+-------+-------+----------------------

Table legend:
 A = Kills in this place as a percentage of kills in entire the game.
 B = Kills by you in this place as a percentage of kills by you in the entire game.
 C = Kills by friends in this place as a percentage of kills by friends in the entire game.
 D = Other kills in this place as a percentage of other kills in the entire game.
 E = Experience gained in this place as a percentage of experience gained in the entire game.
 F = Experience gained in this place divided by the number of levels of this place that you have seen.
                   A       B       C       D       E      F
               +-------+-------+-------+-------+-------+----------------------
         Total | 100.0 | 100.0 |  -nan |  -nan | 100.0 |  72.0
       Dungeon | 100.0 | 100.0 |  -nan |  -nan | 100.0 |  72.0
               +-------+-------+-------+-------+-------+----------------------
